 Dungeon Crawl Stone Soup version 0.31.0-11-ge490571c62 (webtiles) character file.

Game seed: 11178930281684597145

159 qw the Shooter (level 5, 0/26 HPs)
             Began as a Spriggan Hunter on Feb 4, 2024.
             Incinerated by a bombardier beetle (7 damage)
             ... with a burning spray
             ... on level 3 of the Dungeon.
             The game lasted 00:00:06 (1533 turns).

qw the Shooter (Spriggan Hunter)                    Turns: 1533, Time: 00:00:07

Health: 0/26       AC:  2    Str:  7    XL:     5   Next: 17%
Magic:  6/6        EV: 20    Int: 10    God:
Gold:   109        SH:  0    Dex: 21    Spells: 4/4 levels left

rFire   . . .        a - +2 shortbow
rCold   . . .        (shield currently unavailable)
rNeg    . . .        c - +0 robe
rPois   .            (helmet restricted)
rElec   .            (no cloak)
rCorr   .            (gloves unavailable)
SInv    +            (boots unavailable)
Will    +....        (no amulet)
Stlth   +            g - ring of willpower
HPRegen 0.24/turn    (no ring)
MPRegen 0.10/turn

%: no passive effects
@: on fire, glowing, very quick
A: very small, no large weapons, unfitting armour, see invisible, speed 3
a: no special abilities


You were on level 3 of the Dungeon.
You visited 1 branch of the dungeon, and saw 3 of its levels.

You collected 109 gold pieces.


Innate Abilities, Weirdness & Mutations

You are very small and have problems with some larger weapons.
You are too small for most types of armour.
You have supernaturally acute eyesight. (SInv)
You cover ground extremely quickly. (Speed+++)


   Skills:
 - Level 2.1 Fighting
 + Level 5.3 Ranged Weapons
 - Level 5.0 Dodging
 - Level 1.5 Stealth


You had 4 spell levels left.
You didn't know any spells.
Your spell library was empty.

Inventory:

Hand Weapons
 a - a +2 shortbow (weapon)
Armour
 c - a +0 robe (worn)
Jewellery
 g - a ring of willpower (left hand)
Wands
 b - a wand of charming (14)
Scrolls
 d - a scroll of teleportation
Potions
 e - a potion of resistance {unknown}

Dungeon Overview and Level Annotations

Branches:
Dungeon (3/15)

Altars:


Message History

The jackal misses you.
The jackal bites you but does no damage.
You shoot an arrow. The arrow closely misses the jackal.
The jackal completely misses you.
You shoot an arrow. The arrow barely misses the jackal.
The jackal completely misses you. The jackal barely misses you.
You shoot an arrow. The arrow hits the jackal.
The jackal is moderately wounded.
The jackal misses you.
You shoot an arrow. The arrow hits the jackal!
You kill the jackal!
Things that are here:
a jackal corpse; a jackal corpse A bombardier beetle comes into view.
You shoot an arrow. The arrow hits the bombardier beetle.
The bombardier beetle is moderately wounded.
The bombardier beetle sprays incendiary fluid at you.
The burning spray hits you.
You are covered in liquid fire!
You shoot an arrow.
The arrow barely misses the bombardier beetle.
The liquid fire burns you!
You shoot an arrow. The arrow hits the bombardier beetle.
The bombardier beetle is moderately wounded.
The liquid fire burns you!
You shoot an arrow.
The arrow hits the bombardier beetle but does no damage.
The bombardier beetle is moderately wounded.
The liquid fire burns you!
You shoot an arrow.
The arrow hits the bombardier beetle but does no damage.
The bombardier beetle is moderately wounded.
The liquid fire burns you!
You shoot an arrow. The arrow hits the bombardier beetle.
The bombardier beetle is heavily wounded.
The liquid fire burns you!
You shoot an arrow.
The arrow closely misses the bombardier beetle.
The liquid fire burns you!
You die...

#.##.....##
##.####.###.#.#.#####
#.........%.........#
#..####..#%.#.#.###.#########
.....#.#...## #..........
####.##.##.## ###........
#.##.##.# #.#######
#.##.##.#######.#
#.......@.......#
####.##B######### #. #. #. ##


You could see a bombardier beetle.

Vanquished Creatures
  Terence (D:2)
  Ijyb (D:2)
  4 adders
  2 dart slugs (D:2)
  5 ball pythons
  4 bats
  7 endoplasms
  4 giant cockroaches
  13 goblins
  A hobgoblin (D:2)
  5 jackals
  3 quokkas (D:1)
  A frilled lizard (D:1)
  5 kobolds
  3 rats (D:1)
59 creatures vanquished.

Notes
Turn   | Place    | Note
-------+----------+-------------------------------------------
     0 | D:1      | qw the Spriggan Hunter began the quest for the Orb.
     0 | D:1      | Reached XP level 1. HP: 10/10 MP: 2/2
     0 | D:1      | 0 ||| qw: Version: 0.3-a-160-g6735b56
     0 | D:1      | 0 ||| qw: Game counter: 5818
     0 | D:1      | 0 ||| qw: Melee chars always use a shield: true
     0 | D:1      | 0 ||| qw: God list: Okawaru
     0 | D:1      | 0 ||| qw: Allow faded altars: false
     0 | D:1      | 0 ||| qw: Do Orc after clearing Dungeon:15 true
     0 | D:1      | 0 ||| qw: Do second Lair branch before Depths: true
     0 | D:1      | 0 ||| qw: Lair rune preference: random
     0 | D:1      | 0 ||| qw: Goals: Normal
     0 | D:1      | 0 ||| PLANNING D:1-11
    63 | D:1      | Reached skill level 3 in Dodging
   128 | D:1      | Reached XP level 2. HP: 14/14 MP: 3/3
   137 | D:1      | HP: 3/14 [quokka (4)]
   379 | D:1      | Reached XP level 3. HP: 18/18 MP: 4/4
   670 | D:1      | 670 ||| UPGRADING to ring of willpower.
   671 | D:1      | 671 ||| READING 2 scrolls labelled TAIKLO FAMY.
   671 | D:1      | 671 ||| ENCHANTING +0 shortbow.
   672 | D:1      | 672 ||| READING scroll of enchant weapon.
   672 | D:1      | 672 ||| ENCHANTING +1 shortbow.
   673 | D:1      | 673 ||| READING scroll labelled HAVIETYCED.
   674 | D:1      | 674 ||| READING scroll labelled OFUDDOO ROAMN.
   677 | D:1      | 677 ||| READING scroll labelled XOLIUW PACK.
   677 | D:1      | 677 ||| IDENTIFYING puce potion
   678 | D:1      | 678 ||| DROPPING scroll of butterflies.
   719 | D:2      | Noticed Ijyb
   733 | D:2      | Killed Ijyb
   734 | D:2      | Reached XP level 4. HP: 17/22 MP: 5/5
   742 | D:2      | HP: 5/22 [goblin/+0 club (2)]
   743 | D:2      | 743 ||| DRINKING potion of heal wounds.
   984 | D:2      | Found a faded altar of an unknown god.
  1086 | D:2      | Noticed Terence
  1092 | D:2      | HP: 4/22 [Terence/+3 hand axe of flaming (2)]
  1096 | D:2      | Killed Terence
  1097 | D:2      | Reached XP level 5. HP: 6/26 MP: 6/6
  1264 | D:2      | 1264 ||| READING scroll of identify.
  1264 | D:2      | 1264 ||| IDENTIFYING scroll labelled QYZ KEYDIBUKLUO
  1265 | D:2      | 1265 ||| READING scroll labelled LIUNLU WEMYOT.
  1366 | D:2      | 1366 ||| DROPPING scroll of poison.
  1533 | D:3      | Incinerated by a bombardier beetle

Levels and vault maps discovered:
D:1:      lemuel_arrival_funnel, layout_loops_ring, minmay_misc_feat_ornament
D:2:      kennysheep_the_goblin_king, layout_basic,
          ebering_ecumenical_altar_mist, hangedman_decor_peaks_small,
          st_stairs_8, uniq_terence
D:3:      layout_loops_ring, ebering_ghost_sewer_f, uniq_sigmund, uniq_natasha

Skill      XL: |  1  2  3  4 |
---------------+-------------+-----
Dodging        | 3 4 5 |  5.0
Ranged Weapons | 5 |  5.3
Fighting       | 2 |  2.1
Stealth        | |  1.5

Action                     |  1- 3 |  4- 6 || total
---------------------------+-------+-------++-------
   Fire: Shortbow          |   100 |    74 ||   174
    Use: Scroll            |     5 |     2 ||     7
         Potion            |       |     1 ||     1
 Armour: Robe              |    15 |    12 ||    27
  Dodge: Dodged            |    57 |    28 ||    85

Table legend:
 A = Non-vault XP
 B = Vault XP
 C = Vault XP percentage of total XP
 D = Non-vault monster count
 E = Vault monster count
 F = Vault count percentage of total count
                 A         B        C        D         E       F
            +---------+---------+-------+---------+---------+-------
      Total |     136 |      92 |  40.4 |      50 |       9 |  15.3
            +---------+---------+-------+---------+---------+-------
        D:1 |      52 |       0 |   0.0 |      31 |       0 |   0.0
        D:2 |      60 |      92 |  60.5 |      13 |       9 |  40.9
        D:3 |      24 |       0 |   0.0 |       6 |       0 |   0.0
            +---------+---------+-------+---------+---------+-------
